 Dungeon Crawl Stone Soup version 0.21-a0-529-g8c7b3f5 (webtiles) character file.

53 slep the Chopper (level 3, 0/18 HPs)
             Began as a Vine Stalker Gladiator on Dec 10, 2017.
             Succumbed to a kobold's poison
             ... on level 2 of the Dungeon.
             The game lasted 00:02:59 (912 turns).

slep the Chopper (Vine Stalker Gladiator)            Turns: 912, Time: 00:02:59

Health: 0/18       AC:  4    Str: 17    XL:     3   Next: 89%
Magic:  3/4        EV: 13    Int:  8    God:
Gold:   50         SH:  0    Dex: 15    Spells: 2/2 levels left

rFire    . . .     SeeInvis .   a - +0 war axe
rCold    . . .     Gourm    .   (no shield)
rNeg     . . .     Faith    .   b - +0 leather armour
rPois    .         Spirit   +   c - +0 helmet
rElec    .         Reflect  .   (no cloak)
rCorr    .         Harm     .   (no gloves)
MR       .....                  (no boots)
Stlth    +.........             (no amulet)
HPRegen  0.06/turn              p - ring of wizardry
MPRegen  0.09/turn              (no ring)

@: lethally poisoned (0 -> -15)
A: fangs 2, magic shield, antimagic bite, no potion heal 3, rot immunity
a: no special abilities


You were on level 2 of the Dungeon.
You were not hungry.

You visited 1 branch of the dungeon, and saw 2 of its levels.

You collected 50 gold pieces.

Inventory:

Hand Weapons
 a - a +0 war axe (weapon)
Missiles
 d - 3 throwing nets
 l - 4 javelins (quivered)
Armour
 b - a +0 leather armour (worn)
 c - a +0 helmet (worn)
Jewellery
 p - a ring of wizardry (left hand)
 u - a cursed ring of teleportation {unknown}
Scrolls
 e - a scroll of enchant armour {unknown}
 h - 2 scrolls of teleportation {unknown}
 i - 2 scrolls of identify {unknown}
 j - a scroll of remove curse {unknown}
Potions
 k - a potion of heal wounds
 m - a potion of invisibility {unknown}
 n - a potion of magic {unknown}
 o - a potion of resistance {unknown}
 s - 2 potions of flight {unknown}
 t - a potion of brilliance {unknown}
Comestibles
 f - 2 bread rations
 g - a meat ration
 q - 2 fruits
 r - a royal jelly


   Skills:
 + Level 2.1 Fighting
 + Level 3.5 Axes
 + Level 2.1 Throwing
 + Level 0.3 Armour
 + Level 2.7 Dodging


You had 2 spell levels left.
You didn't know any spells.

Dungeon Overview and Level Annotations

Branches:
Dungeon (2/15)

Altars:
Kikubaaqudgha


Innate Abilities, Weirdness & Mutations

You have extremely sharp teeth.
When hurt, damage is shared between your health and your magic reserves.
Your bite disrupts and absorbs the magic of your enemies.
Potions cannot restore your health.
You are immune to rotting.


Message History

The poisoned needle completely misses you.
You feel sick.
The kobold shoots a poisoned needle.
The poisoned needle barely misses you.
You feel sick.
The kobold shoots a poisoned needle.
The poisoned needle hits you!
You are more poisoned.
There is an escape hatch in the floor here.
You see here a poisoned needle.
You feel sick.
A rat comes into view.
You feel sick.
You feel sick.
* * * LOW HITPOINT WARNING * * *
You feel sick.
You barely miss the kobold. You bite the kobold, but do no damage.
* * * LOW HITPOINT WARNING * * *
You feel sick. The kobold hits you with a dagger.
* * * LOW HITPOINT WARNING * * *
It was a potion of heal wounds.
That seemed strangely inert.
You die...

#.# ....#.# #.# #
#....##...r.#.# #....# .
#._.....⌠...#.######.#.#.. ..
#.≈...≈...........#.##). ##.
#..≈≈≈≈≈≈..............###..
#..≈≈≈≈..#.#.###.#.##..#.#
##...≈≈≈≈.#.#†##@......#.#####.#
#....≈≈≈.......K.#.###........>#
).⌠....(....>.....##
##..######## ........(..(..#...#
#..<....... #........########.#
#.......### ########## ##.#
#.#.####.# #...##.. .. ### ####
.


You could see a kobold.

Vanquished Creatures
  A gnoll (D:1)
  An ooze (D:1)
  2 dart slugs (D:1)
  A leopard gecko (D:1)
  A giant cockroach (D:1)
  5 goblins (D:1)
  A hobgoblin (D:1)
  4 jackals (D:1)
  A ball python (D:1)
  5 bats
  3 frilled lizards (D:1)
  5 kobolds (D:1)
  3 rats (D:1)
33 creatures vanquished.

Notes
Turn   | Place    | Note
-------+----------+-------------------------------------------
     0 | D:1      | slep the Vine Stalker Gladiator began the quest for the Orb.
     0 | D:1      | Reached XP level 1. HP: 11/11 MP: 2/2
    55 | D:1      | Reached XP level 2. HP: 13/15 MP: 1/3
   139 | D:1      | Reached skill level 3 in Axes
   202 | D:1      | Reached XP level 3. HP: 18/18 MP: 4/4
   897 | D:2      | Found an ancient bone altar of Kikubaaqudgha.
   912 | D:2      | Succumbed to a kobold's poison

Vault maps used:
D:1:      dpeg_arrival_tiny_i
D:2:      grunt_qazlal_sundering, kiku_gazebo_pond_becter,
          gammafunk_temple_overflow_forgotten

Skill      XL: |  1  2 |
---------------+-------+-----
Throwing       | 2 |  2.1
Fighting       | 2 |  2.1
Axes           | 3 |  3.5
Armour         | |  0.3
Dodging        | |  2.7

Action                   || total
-------------------------++-------
Melee: War axe           ||    68
       Bite              ||    14
Throw: Javelin           ||     1
  Use: Potion            ||     1
Armor: Leather armour    ||    23
Dodge: Dodged            ||    71

Table legend:
 A = Spawn XP
 B = Non-spawn XP
 C = Spawn XP percentage of total XP
 D = Spawn monster count
 E = Non-spawn monster count
 F = Spawn count percentage of total count
 G = Total turns spent on level
                    A         B        C        D         E        F      G
               +---------+---------+-------+---------+---------+-------+---------
         Total |       0 |      77 |   0.0 |       0 |      33 |   0.0 |   912
               +---------+---------+-------+---------+---------+-------+---------
           D:1 |       0 |      73 |   0.0 |       0 |      31 |   0.0 |   869
           D:2 |       0 |       4 |   0.0 |       0 |       2 |   0.0 |    43
               +---------+---------+-------+---------+---------+-------+---------
